 Dungeon Crawl Stone Soup version 0.22-a0-392-g5dc3fd9 (webtiles) character file.

7343 mortelune the Cleaver (level 11, 0/99 HPs)
             Began as a Hill Orc Gladiator on May 1, 2018.
             Was an Elder of Okawaru.
             Slain by a six-headed hydra (7 damage)
             ... on level 1 of the Lair of Beasts.
             The game lasted 00:30:56 (11952 turns).

mortelune the Cleaver (Hill Orc Gladiator)         Turns: 11952, Time: 00:30:57

Health: 0/99       AC: 16    Str: 21    XL:     11   Next: 13%
Magic:  14/14      EV: 15    Int:  8    God:    Okawaru [****..]
Gold:   147        SH:  0    Dex: 12    Spells: 10/10 levels left

rFire    . . .     SeeInvis .   O - +3 flail
rCold    + . .     Gourm    .   (no shield)
rNeg     . . .     Faith    .   y - +3 ring mail
rPois    +         Spirit   .   c - +3 hat of Nasm {+Blink rC+}
rElec    .         Reflect  .   h - +1 cloak of Summer {rPois}
rCorr    .         Harm     .   (no gloves)
MR       .....                  (no boots)
Stlth    ++........             M - amulet of the acrobat
HPRegen  0.26/turn              (no ring)
MPRegen  0.14/turn              (no ring)

@: heroism
A: no striking features
a: Heroism, Renounce Religion, Evoke Blink


You were on level 1 of the Lair of Beasts.
You worshipped Okawaru.
Okawaru was greatly pleased with you.
You were very hungry.

You visited 3 branches of the dungeon, and saw 12 of its levels.
You also visited: Ossuary.

You collected 425 gold pieces.
You spent 278 gold pieces at shops.

Inventory:

Hand Weapons
 a - a +1 war axe
 O - a +3 flail (weapon)
Missiles
 d - 2 throwing nets (quivered)
Armour
 b - a +0 leather armour
 c - the +3 hat of Nasm (worn) {+Blink rC+}
   (You acquired it on level 7 of the Dungeon)

   It protects you from cold.
   It lets you blink.
 h - the +1 cloak of Summer (worn) {rPois}
   (You acquired it on level 7 of the Dungeon)

   It protects you from poison.
 i - a +0 ring mail
 v - the +0 leather armour "Kigac" {rF+ Int+3}
   (You found it on level 4 of the Dungeon)

   It affects your intelligence (+3).
   It protects you from fire.
 y - a +3 ring mail (worn)
 A - a +0 scale mail
Jewellery
 g - an uncursed ring of ice
 M - an amulet of the acrobat (around neck)
Wands
 C - a wand of flame (46)
 E - a wand of random effects (79)
 F - a wand of paralysis (10)
 I - a wand of clouds (5)
 J - a wand of polymorph (7)
Scrolls
 j - 2 scrolls of enchant armour
 k - 3 scrolls of enchant weapon
 l - 5 scrolls of remove curse
 m - 7 scrolls of teleportation
 n - 2 scrolls of fog
 o - 4 scrolls of fear
 p - a scroll of random uselessness
 D - a scroll of amnesia
 H - a scroll of identify
 L - 2 scrolls of blinking
Potions
 e - a potion of brilliance {unknown}
 q - a potion of mutation
 r - a potion of haste
 s - a potion of resistance
 t - a potion of cancellation {unknown}
 u - 2 potions of might
 w - 3 potions of berserk rage
 x - 5 potions of curing
 z - 2 potions of flight
 B - a potion of heal wounds
 G - a potion of degeneration {unknown}
 K - a potion of invisibility {unknown}
Comestibles
 f - 10 rations


   Skills:
 + Level 10.1(15.1) Fighting
 * Level 14.8(19.8) Axes
 - Level 1.7(6.7) Throwing
 + Level 8.9(13.9) Armour
 - Level 2.4(7.4) Dodging
 + Level 4.5 Invocations


You had 10 spell levels left.
You didn't know any spells.

Dungeon Overview and Level Annotations

Branches:
Dungeon (10/15)            Temple (1/1) D:7            Lair (1/6) D:8
    Orc: D:9-12

Altars:
Ashenzari
Cheibriados
Dithmenos
Elyvilon
Fedhas
Hepliaklqana
Kikubaaqudgha
Makhleb
Nemelex Xobeh
Okawaru
Qazlal
Ru
Sif Muna
Trog
Uskayaw
Vehumet
Wu Jian
Xom
Yredelemnul
Zin
The Shining One
Lugonu

Shops:
D:4 =***

Annotations:
D:3 Sigmund
D:10 mortelune's ghost, novice HOGl


Message History

You sock the six-headed hydra!
The six-headed hydra is moderately wounded.
You sock the six-headed hydra!
The six-headed hydra is moderately wounded.
The six-headed hydra bites you!
The six-headed hydra closely misses you.
The six-headed hydra bites you. The six-headed hydra misses you.
The six-headed hydra bites you.
* * * LOW HITPOINT WARNING * * *
The six-headed hydra misses you.
You hit the six-headed hydra.
The six-headed hydra is moderately wounded.
The six-headed hydra closely misses you.
The six-headed hydra bites you!
* * * LOW HITPOINT WARNING * * *
The six-headed hydra closely misses you.
The six-headed hydra bites you!
* * * LOW HITPOINT WARNING * * *
The six-headed hydra bites you!
You die...

#.........# .#..
#...........# .....
............. ......
#............. #..%..
..#............
#.....###..#............
..#.⌠.#..#..............
P.#+..D$#...............
....#.P@.#...........#..
....#....†.......#....#.
........P..†........#...#.
#..........PP#.....##.....
.....###.....#.....##.....
....# #..#..........#.....
.....##..###...>...##.....
....#...## #......##....#
........######.....##..##


You could see a six-headed hydra.

Vanquished Creatures
  Erolcha (D:9)
  A two-headed ogre (D:8)
  Pikel (D:7)
  Psyche (D:9)
  A komodo dragon (Lair:1)
  A troll (D:9)
  2 hippogriffs
  2 yaks (D:7)
  A spriggan (D:8)
  A basilisk (Lair:1)
  A water moccasin (D:8)
  A black bear (D:9)
  An ice beast (D:6)
  2 sky beasts
  A phantom (D:9)
  3 orc warriors
  A necrophage (D:5)
  4 ogres
  3 centaurs
  A crocodile (D:9)
  An elf zombie (Ossuary)
  5 bullfrogs
  3 scorpions
  A howler monkey (D:4)
  3 crimson imps
  3 hounds
  2 quasits
  A human zombie (Ossuary)
  9 orc priests
  2 centaur skeletons (D:5)
  8 orc wizards
  2 jellies (D:9)
  2 bullfrog skeletons
  2 iguanas
  10 worker ants
  3 big kobold zombies (Ossuary)
  A hound zombie (D:5)
  2 hound skeletons
  4 mummies (Ossuary)
  2 worker ant zombies
  12 gnolls
  9 adders
  An ooze (D:3)
  2 adder skeletons
  5 worms
  A dart slug (D:1)
  8 leopard geckos
  28 orcs
  A ball python (D:4)
  6 giant cockroaches
  4 goblins
  6 hobgoblins
  6 jackals
  2 kobolds (D:1)
  5 quokkas
  6 bats
  5 frilled lizards
  A giant cockroach zombie (D:5)
  2 gnoll zombies (Ossuary)
  A goblin zombie (Ossuary)
  A hobgoblin zombie (Ossuary)
  A jackal zombie (D:5)
  A kobold zombie (Ossuary)
  2 orc zombies (Ossuary)
  A quokka skeleton (D:4)
  A quokka zombie (D:5)
  6 rats
  A spectral orc (D:7)
221 creatures vanquished.

Notes
Turn   | Place    | Note
-------+----------+-------------------------------------------
     0 | D:1      | mortelune the Hill Orc Gladiator began the quest for the Orb.
     0 | D:1      | Reached XP level 1. HP: 18/18 MP: 1/1
   220 | D:1      | Reached XP level 2. HP: 25/25 MP: 2/2
   604 | D:1      | Reached skill level 1 in Armour
   655 | D:1      | Reached XP level 3. HP: 30/30 MP: 3/3
   880 | D:2      | Reached skill level 5 in Axes
  1351 | D:2      | Reached XP level 4. HP: 38/38 MP: 4/4
  2311 | D:3      | Noticed Sigmund
  2512 | D:2      | Reached XP level 5. HP: 29/46 MP: 5/5
  2672 | D:2      | Reached skill level 6 in Axes
  3396 | D:4      | Found a bloodstained altar of Trog.
  3407 | D:4      | Got a warped leather armour
  3418 | D:4      | Identified the cursed +0 leather armour "Kigac" {rF+ Int+3} (You found it on level 4 of the Dungeon)
  3472 | D:4      | Found a radiant altar of Vehumet.
  3488 | D:4      | Found Ohouwamn's Jewellery Shoppe.
  3491 | D:4      | Found Xuyn's Assorted Antiques.
  3492 | D:4      | Found Cocy's Assorted Antiques.
  3493 | D:4      | Found Uqaj's General Store.
  3508 | D:4      | Bought a scroll of identify for 22 gold pieces
  3823 | D:4      | Found a sacrificial altar of Ru.
  3835 | D:4      | Reached XP level 6. HP: 51/52 MP: 6/6
  3977 | D:4      | Reached skill level 7 in Axes
  4429 | D:4      | Found a faded altar of an unknown god.
  4429 | D:4      | Found a white marble altar of Elyvilon.
  4437 | D:4      | Found a snail-covered altar of Cheibriados.
  4440 | D:4      | Found a faded altar of an unknown god.
  4442 | D:4      | Found a hazy altar of Hepliaklqana.
  4600 | D:5      | Entered Level 5 of the Dungeon
  4647 | D:5      | Noticed a necrophage
  4655 | D:5      | Killed a necrophage
  4655 | D:5      | Reached XP level 7. HP: 44/60 MP: 7/7
  4743 | D:5      | Reached skill level 5 in Fighting
  4743 | D:5      | Reached skill level 8 in Axes
  5374 | D:5      | Found a hide-covered altar of Uskayaw.
  5384 | D:5      | Reached skill level 9 in Axes
  5397 | D:5      | Reached XP level 8. HP: 65/70 MP: 8/8
  5694 | D:6      | Found a glowing silver altar of Zin.
  5798 | D:6      | Reached skill level 5 in Armour
  6024 | D:6      | Reached skill level 10 in Axes
  6059 | D:6      | Found a burning altar of Makhleb.
  6628 | D:7      | Found a staircase to the Ecumenical Temple.
  6644 | Temple   | Entered the Ecumenical Temple
  6742 | D:7      | Found a sand-covered staircase.
  6753 | Ossuary  | Entered an ossuary
  6768 | Ossuary  | Reached skill level 11 in Axes
  6768 | Ossuary  | Reached XP level 9. HP: 71/79 MP: 9/9
  7312 | D:7      | Found a basalt altar of Yredelemnul.
  7375 | D:7      | Noticed Pikel
  7379 | D:7      | Paralysed by Pikel for 5 turns
  7393 | D:7      | Killed Pikel
  7623 | D:7      | Reached skill level 12 in Axes
  8226 | D:4      | Became a worshipper of Warmaster Okawaru
  8226 | D:4      | Reached * piety under Okawaru
  8273 | D:4      | Bought a runed helmet for 142 gold pieces
  8273 | D:4      | Bought a scroll of teleportation for 57 gold pieces
  8273 | D:4      | Bought a scroll of teleportation for 57 gold pieces
  8352 | D:7      | Identified 2 scrolls of acquirement
  8364 | D:7      | Got a scorched hat
  8366 | D:7      | Got a spiked cloak
  8377 | D:7      | Identified the +3 hat of Nasm {+Blink rC+} (You acquired it on level 7 of the Dungeon)
  8382 | D:7      | Identified the +1 cloak of Summer {rPois} (You acquired it on level 7 of the Dungeon)
  8419 | D:8      | Found a blossoming altar of Fedhas.
  8556 | D:8      | Noticed a two-headed ogre
  8571 | D:8      | Killed a two-headed ogre
  8571 | D:8      | Reached ** piety under Okawaru
  8571 | D:8      | Reached skill level 13 in Axes
  8571 | D:8      | Reached XP level 10. HP: 64/90 MP: 7/10
  8735 | D:8      | Paralysed by an orc wizard for 7 turns
  9099 | D:8      | Found an iron altar of Okawaru.
  9119 | D:8      | Noticed a death yak
  9119 | D:8      | Noticed a death yak
  9120 | D:8      | Noticed a death yak
  9120 | D:8      | Found a staircase to the Lair.
  9284 | D:8      | Found a glowing golden altar of the Shining One.
  9541 | D:8      | Found a deep blue altar of Sif Muna.
  9946 | D:8      | Found a stormy altar of Qazlal.
 10105 | D:9      | Noticed Psyche
 10112 | D:9      | Killed Psyche
 10112 | D:9      | Reached *** piety under Okawaru
 10112 | D:9      | Reached skill level 1 in Invocations
 10385 | D:9      | Reached skill level 14 in Axes
 10538 | D:9      | Found a sparkling altar of Nemelex Xobeh.
 10759 | D:9      | Noticed Erolcha
 10772 | D:9      | Killed Erolcha
 10772 | D:9      | Reached **** piety under Okawaru
 11440 | D:10     | Entered Level 10 of the Dungeon
 11451 | D:10     | Reached XP level 11. HP: 99/99 MP: 13/13
 11487 | D:10     | Noticed mortelune's ghost (novice HOGl)
 11714 | D:7      | Reached skill level 10 in Fighting
 11827 | Lair:1   | Entered Level 1 of the Lair of Beasts
 11945 | Lair:1   | Noticed a six-headed hydra
 11952 | Lair:1   | Slain by a six-headed hydra

Vault maps used:
D:1:      elethiomel_arrival_shortcut
D:3:      grunt_gozag_statues, uniq_sigmund
D:4:      chequers_temple_overflow_minitemple,
          nicolae_ru_great_annihilating_truth, vehumet_crystals,
          minmay_shop_grid_forest, trog_three_pillars_becter
D:5:      nicolae_overflow_hidden_temple, first_ration
D:6:      makhleb_grotto_becter, zin_treasury
D:7:      yredelemnul_forgotten_temple_becter, minmay_temple_entry_junction,
          nicolae_ossuary_entry_monument, uniq_pikel
D:8:      fedhas_altar_1, marbit_many_paths, okawaru_trees_1, tso_metal_star,
          kennysheep_mini_moat, dpeg_lair_monsters, the_bakery
D:9:      nemelex_xobeh_ov_fountains_minmay, uniq_erolcha, uniq_psyche
D:10:     nicolae_trove_entry_crossroad, minmay_misc_feat_chi
Temple:   corrupted_temple
Lair:1:   beast_lair_carwin_large_4, grunt_megastairs_5
Ossuary:  ossuary_minmay_tomb_2a

Skill      XL: |  1  2  3  4  5  6  7  8  9 10 11 |
---------------+----------------------------------+-----
Armour         | 1 2 3 4 5 7 8 |  8.9
Fighting       | 3 4 5 7 8 9 10 | 10.1
Axes           | 5 6 7 9 11 13 14 | 14.8
Invocations    | 3 4 |  4.5
Throwing       | |  1.7
Dodging        | |  2.4

Action                   |  1- 3 |  4- 6 |  7- 9 | 10-12 || total
-------------------------+-------+-------+-------+-------++-------
Melee: War axe           |   105 |   157 |   362 |   226 ||   850
       Punch             |       |       |       |     1 ||     1
       Flail             |       |       |       |     5 ||     5
Throw: Throwing net      |     1 |       |       |       ||     1
Invok: Heroism           |       |       |     1 |     3 ||     4
  Use: Scroll            |       |    10 |    12 |       ||    22
       Potion            |       |     1 |     1 |     1 ||     3
  Eat: Chunk             |     2 |     7 |    12 |    10 ||    31
       Ration            |       |     1 |       |       ||     1
Armor: Leather armour    |    61 |    33 |       |       ||    94
       Ring mail         |       |     4 |    37 |    85 ||   126
       Chain mail        |       |     3 |   146 |       ||   149
Dodge: Dodged            |    95 |    93 |   171 |   136 ||   495

Table legend:
 A = Spawn XP
 B = Non-spawn XP
 C = Spawn XP percentage of total XP
 D = Spawn monster count
 E = Non-spawn monster count
 F = Spawn count percentage of total count
 G = Total turns spent on level
                    A         B        C        D         E        F      G
               +---------+---------+-------+---------+---------+-------+---------
         Total |       0 |   10490 |   0.0 |       0 |     221 |   0.0 | 11952
               +---------+---------+-------+---------+---------+-------+---------
           D:1 |       0 |      48 |   0.0 |       0 |      19 |   0.0 |  1463
           D:2 |       0 |     154 |   0.0 |       0 |      29 |   0.0 |  1732
           D:3 |       0 |      15 |   0.0 |       0 |       3 |   0.0 |   201
           D:4 |       0 |     291 |   0.0 |       0 |      18 |   0.0 |  1303
           D:5 |       0 |     702 |   0.0 |       0 |      26 |   0.0 |   995
           D:6 |       0 |    1084 |   0.0 |       0 |      23 |   0.0 |  1108
           D:7 |       0 |    1528 |   0.0 |       0 |      19 |   0.0 |  1646
           D:8 |       0 |    2406 |   0.0 |       0 |      32 |   0.0 |  1515
           D:9 |       0 |    3050 |   0.0 |       0 |      31 |   0.0 |  1484
          D:10 |       0 |     120 |   0.0 |       0 |       2 |   0.0 |    52
        Lair:1 |       0 |     786 |   0.0 |       0 |       3 |   0.0 |   125
       Ossuary |       0 |     306 |   0.0 |       0 |      16 |   0.0 |   274
               +---------+---------+-------+---------+---------+-------+---------
